 Dungeon Crawl Stone Soup version 0.28.0 (webtiles) character file.

Game seed: 18128091192480577959

13134 ragingrage the Severer (level 11, -12/107 HPs)
             Began as a Minotaur Berserker on Feb 5, 2022.
             Was a Priest of Trog.
             Mangled by a komodo dragon (18 damage)
             ... on level 1 of the Lair of Beasts.
             The game lasted 00:08:03 (12723 turns).

ragingrage the Severer (Minotaur Berserker)        Turns: 12723, Time: 00:08:04

Health: -12/107    AC: 10    Str: 25    XL:     11   Next: 71%
Magic:  10/10      EV: 11    Int:  7    God:    Trog [***...]
Gold:   738        SH:  0    Dex: 11    Spells: 10/10 levels left

rFire   + . .      SeeInvis .   a - +0 broad axe
rCold   . . .      Faith    +   (no shield)
rNeg    . . .      Spirit   .   P - +0 acid dragon scales
rPois   .          Reflect  .   F - +0 hat {Int+3}
rElec   .          Harm     .   (no cloak)
rCorr   +          Rampage  .   (no gloves)
Will    .....                   (no boots)
Stlth   +.........              Q - amulet of faith
HPRegen 0.27/turn               O - ring of protection from fire
MPRegen 0.12/turn               M - +4 ring of protection

@: lethally poisoned (-12 -> -18), marked, on berserk cooldown, slowed, studying
Crossbows, very slow
A: horns 2, retaliatory headbutt
a: Renounce Religion, Berserk, Trog's Hand


You were on level 1 of the Lair of Beasts.
You worshipped Trog.
Trog was most pleased with you.
You visited 2 branches of the dungeon, and saw 12 of its levels.

You collected 738 gold pieces.

Inventory:

Hand Weapons
 a - a +0 broad axe (weapon)
 b - a +3 demon trident of electrocution
 C - a +0 hand axe
 N - a +0 spear of venom
Missiles
 h - 18 poisoned darts (quivered)
Armour
 F - a +0 hat of intelligence (worn)
 P - +0 acid dragon scales (worn)
Jewellery
 M - a +4 ring of protection (right hand)
 O - a ring of protection from fire (left hand)
 Q - an amulet of faith (around neck)
Wands
 v - a wand of paralysis (9)
 D - a wand of iceblast (13)
 H - a wand of digging (7)
 K - a wand of flame (10)
Scrolls
 c - 12 scrolls of identify {unknown}
 d - 2 scrolls of fear {unknown}
 e - 2 scrolls of summoning {unknown}
 f - 2 scrolls of amnesia {unknown}
 g - 4 scrolls of teleportation {unknown}
 j - 3 scrolls of enchant weapon {unknown}
 u - a scroll of blinking {unknown}
 w - a scroll of fog {unknown}
 y - a scroll of silence {unknown}
 A - 6 scrolls of magic mapping {unknown}
 E - a scroll of noise {unknown}
 G - a scroll of vulnerability {unknown}
 I - a scroll of immolation {unknown}
 J - a scroll of enchant armour {unknown}
 R - a scroll of torment {unknown}
Potions
 i - a potion of magic {unknown}
 k - 3 potions of haste
 l - 4 potions of flight {unknown}
 m - 3 potions of degeneration {unknown}
 n - 2 potions of attraction {unknown}
 o - 2 potions of cancellation {unknown}
 p - a potion of mutation {unknown}
 q - 3 potions of curing {unknown}
 r - a potion of ambrosia {unknown}
 s - 3 potions of might {unknown}
 t - 2 potions of heal wounds {unknown}
 x - a potion of resistance {unknown}
 z - 2 potions of berserk rage {unknown}
 L - a potion of brilliance {unknown}


   Skills:
 + Level 13.4 Fighting
 * Level 18.3 Axes
 - Level 2.4 Armour
 - Level 2.1 Dodging


You had 10 spell levels left.
You didn't know any spells.
Your spell library was empty.

Dungeon Overview and Level Annotations

Branches:
Dungeon (11/15)            Temple (0/1) D:5            Lair (1/6) D:8
    Orc (0/2) D:11

Altars:
Fedhas
Gozag

Shops:
D:2 =   D:4 (   D:8 (

Annotations:
D:4 2 transporters, Nonny's ghost, amateur VSGl
D:7 exclusion: downstairs
D:8 1 exclusion


Innate Abilities, Weirdness & Mutations

You have a pair of horns on your head.
You reflexively headbutt those who attack you in melee.


Message History

A killer bee comes into view. x2
The komodo dragon bites you!!
A killer bee comes into view.
A killer bee comes into view.
A killer bee comes into view.
The komodo dragon bites you but does no damage.
A killer bee comes into view.
The killer bee stings you but does no damage.
Things that are here:
a wolf corpse; a wolf corpse You barely miss the killer bee.
You headbutt the killer bee, but do no damage.
You hit the killer bee.
You hit the komodo dragon but do no damage.
The killer bee stings you. x2
You are poisoned.
The killer bee poisons you!
A killer bee comes into view.
The killer bee barely misses you. The komodo dragon bites you!!
* * * LOW HITPOINT WARNING * * *
The killer bee barely misses you. You furiously retaliate!
You headbutt the killer bee.
Your black bear goes berserk!
You can no longer call in reinforcements.
You feel very sick.
The killer bee stings you but does no damage. x2
The killer bee stings you.
* * * LOW HITPOINT WARNING * * *
A killer bee comes into view.
The killer bee barely misses you. You furiously retaliate!
You headbutt the killer bee! The killer bee stings you.
* * * LOW HITPOINT WARNING * * *
The killer bee stings you.
* * * LOW HITPOINT WARNING * * *
The killer bee closely misses you. You furiously retaliate!
You headbutt the killer bee.
A blink frog comes into view.
A killer bee comes into view.
A blink frog comes into view.
The komodo dragon bites you!!
You die...

#.###############
................#
.............)..#
................#
........†††....>.
........yy†h....#
........y@†.....P
.......yly......#
......y..y......#
................#
.....y..........#
..##............#
. #y............#
.y#.F..F........
##.........$....


You could see a komodo dragon, 2 blink frogs, 10 killer bees and a friendly
black bear (summoned, berserk).

Vanquished Creatures
  Gastronok (D:9)
  A two-headed ogre (D:10)
  2 cyclopes (D:11)
  A rime drake (D:11)
  6 komodo dragons
  3 trolls
  A meliai zombie (D:11)
  A wraith (D:10)
  A wyvern (D:9)
  7 yaks
  6 vampire mosquitoes
  2 steam dragons
  2 acid dragons
  3 water moccasins
  10 orc warriors
  A sky beast (D:6)
  An ice beast (D:7)
  4 centaurs
  2 ogres
  A black bear (D:8)
  12 wolves (Lair:1)
  A phantom (D:4)
  A kobold brigand (D:11)
  3 bullfrogs (D:8)
  2 gnoll sergeants
  2 scorpions (D:5)
  A wyvern zombie (D:7)
  A water moccasin skeleton (D:6)
  3 killer bees
  2 electric eels (D:11)
  2 howler monkeys (D:8)
  2 bullfrog zombies
  3 centaur zombies
  A gnoll shaman (D:6)
  2 hounds
  6 orc priests
  2 bullfrog skeletons
  3 jellies
  15 iguanas
  5 orc wizards
  A howler monkey zombie (D:6)
  3 adders
  10 gnolls
  A howler monkey skeleton (D:7)
  2 shadow imps (D:7)
  2 white imps
  A worm (D:5)
  45 orcs
  3 bats
  6 endoplasms
  3 giant cockroaches
  6 hobgoblins
  4 jackals (D:5)
  8 kobolds
  2 quokkas
  5 ball pythons
  15 frilled lizards
  3 goblins
  6 rats
251 creatures vanquished.

Vanquished Creatures (others)
  A hobgoblin (D:2)
  11 fungi (D:8)
  12 plants (D:8)
24 creatures vanquished.

Grand Total: 275 creatures vanquished

Notes
Turn   | Place    | Note
-------+----------+-------------------------------------------
     0 | D:1      | ragingrage the Minotaur Berserker began the quest for the
                  | Orb.
     0 | D:1      | Reached XP level 1. HP: 19/19 MP: 0/0
   204 | D:1      | Reached skill level 4 in Axes
   772 | D:1      | Reached XP level 2. HP: 27/27 MP: 1/1
  1450 | D:2      | Found Bawasatao's Jewellery Emporium.
  1596 | D:2      | Reached XP level 3. HP: 31/33 MP: 2/2
  1914 | D:3      | Reached skill level 5 in Axes
  2338 | D:3      | Noticed a steam dragon
  2347 | D:3      | Killed a steam dragon
  2348 | D:3      | Reached skill level 5 in Fighting
  2348 | D:3      | Reached skill level 6 in Axes
  2348 | D:3      | Reached XP level 4. HP: 42/42 MP: 3/3
  2348 | D:3      | Reached XP level 5. HP: 48/48 MP: 4/4
  2609 | D:4      | Noticed a phantom
  2618 | D:4      | Killed a phantom
  2706 | D:4      | Found Okluguw's Antique Weapon Emporium.
  2714 | D:4      | Reached skill level 7 in Axes
  2714 | D:4      | Reached XP level 6. HP: 56/56 MP: 5/5
  2861 | D:4      | Found a transporter.
  2928 | D:4      | Noticed an orc warrior
  2928 | D:4      | Noticed Nonny's ghost (amateur VSGl)
  2933 | D:4      | Found a transporter.
  2966 | D:4      | Reached ** piety under Trog
  3313 | D:5      | Entered Level 5 of the Dungeon
  3762 | D:5      | Noticed a water moccasin
  3771 | D:5      | Reached skill level 8 in Axes
  3773 | D:5      | Killed a water moccasin
  3774 | D:5      | Reached XP level 7. HP: 20/64 MP: 6/6
  4270 | D:5      | Reached skill level 9 in Axes
  4901 | D:5      | Found a staircase to the Ecumenical Temple.
  4959 | D:6      | Reached XP level 8. HP: 73/73 MP: 7/7
  5018 | D:6      | Reached skill level 10 in Axes
  5381 | D:6      | Reached skill level 11 in Axes
  5639 | D:6      | Noticed a troll
  5650 | D:6      | Killed a troll
  5997 | D:6      | Found a blossoming altar of Fedhas.
  6349 | D:7      | Reached skill level 12 in Axes
  6349 | D:7      | Reached XP level 9. HP: 82/82 MP: 8/8
  7002 | D:7      | Noticed a troll
  7017 | D:7      | Killed a troll
  7204 | D:7      | Reached skill level 13 in Axes
  7711 | D:7      | Reached skill level 10 in Fighting
  7938 | D:8      | Reached skill level 14 in Axes
  7939 | D:8      | Reached *** piety under Trog
  8220 | D:8      | Reached XP level 10. HP: 94/94 MP: 9/9
  8351 | D:8      | Found a staircase to the Lair.
  8418 | D:8      | Found Tawizeycs's Weapon Shop.
  8774 | D:9      | Noticed Gastronok
  8794 | D:9      | Killed Gastronok
  8795 | D:9      | Reached skill level 15 in Axes
  8963 | D:9      | Found an opulent altar of Gozag.
  9444 | D:9      | Reached skill level 16 in Axes
  9904 | D:10     | Entered Level 10 of the Dungeon
 10070 | D:10     | Noticed a two-headed ogre
 10080 | D:10     | Killed a two-headed ogre
 10264 | D:10     | Reached XP level 11. HP: 93/104 MP: 10/10
 10798 | D:11     | Found a staircase to the Orcish Mines.
 11288 | D:11     | Reached skill level 17 in Axes
 11423 | D:11     | Reached **** piety under Trog
 12508 | D:11     | Reached skill level 18 in Axes
 12701 | Lair:1   | Entered Level 1 of the Lair of Beasts
 12723 | Lair:1   | Mangled by a komodo dragon

Illustrated notes

Levels and vault maps discovered:
D:1:      scummos_arrival_simple_crosswalls, layout_basic, kennysheep_doodads
D:2:      layout_basic, serial_shops, shop, lemuel_old_faithful
D:3:      layout_loops_ring
D:4:      layout_cave_pools, gammafunk_ghost_arena, kennysheep_small_circle
D:5:      layout_loops_corners, minmay_temple_entry_poolview,
          kennysheep_generic_room_14
D:6:      layout_basic, lemuel_crystal_altar, serial_corexii_hall,
          corexii_hall_statues_x, corexii_hall_statues_l,
          corexii_hall_statues_l, corexii_hall_statues_s,
          chequers_hall_statues_y, chequers_hall_statues_wall_a
D:7:      layout_loops_ring, st_stairs_8, minmay_fractal_squares_5
D:8:      layout_layer_cave, grunt_lair_entry_orc_guard_hut, serial_shops,
          nicolae_inconvenience_store, minivault_11
D:9:      layout_irregular_city, grunt_gozag_statues, uniq_gastronok
D:10:     layout_long_grid
D:11:     lemuel_reptile_caves, layout_loops_cross, orc_david_3
Lair:1:   wad_woods_minihive, layout_gridlike, mumra_transporter_accident

Skill      XL: |  1  2  3  4  5  6  7  8  9 10 11 |
---------------+----------------------------------+-----
Axes           | 4 6 7 8 9 12 14 16 18 | 18.3
Fighting       | 4 5 6 7 8 10 12 13 | 13.4
Armour         | |  2.4
Dodging        | |  2.1

Action                   |  1- 3 |  4- 6 |  7- 9 | 10-12 || total
-------------------------+-------+-------+-------+-------++-------
Melee: Hand axe          |    80 |    71 |   139 |       ||   290
       Headbutt          |     9 |    10 |    48 |    33 ||   100
       Punch             |     1 |       |     1 |     4 ||     6
       Spear             |       |       |   115 |    25 ||   140
       Broad axe         |       |       |     3 |   151 ||   154
       Demon trident     |       |       |       |    65 ||    65
Invok: Berserk           |     3 |     4 |    16 |    19 ||    42
       Trog's Hand       |       |       |     1 |       ||     1
       Brothers in Arms  |       |       |       |     1 ||     1
Evoke: Wand              |       |       |       |     2 ||     2
Armor: Plate armour      |    43 |    44 |    72 |       ||   159
       Troll leather arm |       |       |     9 |    29 ||    38
       Acid dragon scale |       |       |       |    16 ||    16
Dodge: Dodged            |    30 |    18 |    76 |   112 ||   236
